 Dungeon Crawl Stone Soup version 0.31.0-12-g77e489cdc1 (webtiles) character file.

Game seed: 10996113673067582451

77 hawla the Shield-Bearer (level 4, -5/40 HPs)
             Began as a Minotaur Fighter on Feb 16, 2024.
             Engulfed by a cloud of flame (21 damage)
             ... on level 2 of the Dungeon.
             The game lasted 00:02:50 (1953 turns).

hawla the Shield-Bearer (Minotaur Fighter)          Turns: 1953, Time: 00:02:51

Health: -5/40      AC:  6    Str: 23    XL:     4   Next: 13%
Magic:  3/3        EV: 10    Int:  5    God:
Gold:   115        SH:  6    Dex:  9    Spells: 3/3 levels left

rFire   . . .        a - +0 war axe
rCold   . . .        c - +2 buckler
rNeg    . . .        b - +0 scale mail
rPois   .            (helmet restricted)
rElec   .            (no cloak)
rCorr   .            (no gloves)
SInv    .            (no boots)
Will    .....        (no amulet) Stlth
                     h - ring of flight
HPRegen 0.26/turn    (no ring)
MPRegen 0.08/turn

%: no passive effects
@: flying
A: horns 2, retaliatory headbutt
a: no special abilities


You were on level 2 of the Dungeon.
You visited 1 branch of the dungeon, and saw 2 of its levels.

You collected 115 gold pieces.

Inventory:

Hand Weapons
 a - a +0 war axe (weapon)
Armour
 b - a +0 scale mail (worn)
 c - a +2 buckler (worn)
Jewellery
 h - a ring of flight (left hand)
Scrolls
 e - a scroll of enchant armour
 f - a scroll of fog {unknown}
Potions
 d - a potion of might
 g - a potion of curing
 i - a potion of heal wounds {unknown}


   Skills:
 - Level 4.0 Fighting
 - Level 2.4 Axes
 - Level 3.6 Armour
 + Level 2.5 Dodging
 - Level 5.0 Shields


You had 3 spell levels left.
You didn't know any spells.
Your spell library was empty.

Dungeon Overview and Level Annotations

Branches:
Dungeon (2/15)

Altars:


Innate Abilities, Weirdness & Mutations

You have a pair of horns on your head.
You reflexively headbutt those who attack you in melee.


Message History

The jackal closely misses you. You furiously retaliate!
You headbutt the jackal!
You kill the jackal!
You block the jackal's attack.
You closely miss the jackal. Your headbutt misses the jackal.
You block the jackal's attack. The jackal bites you.
You closely miss the jackal. Your headbutt misses the jackal.
You closely miss the jackal. You block the jackal's attack.
The jackal bites you but does no damage.
The jackal closely misses you.
The jackal bites you but does no damage.
You hit the jackal. You headbutt the jackal.
The jackal is severely wounded.
You hit the jackal.
The jackal bites you but does no damage. x2
The jackal closely misses you. x2; You furiously retaliate!
You headbutt the jackal!
You kill the jackal!
You slash the jackal!
You kill the jackal!
No target in view!
f - a scroll labelled TYIJ GYLEX You see here a +0 whip.
i - a sedimented orange potion Partly explored, can't reach some items and places.
Partly explored, can't reach some items and places.
Partly explored, can't reach some items and places.
Search for what [Enter for "rmo", or ? for help]? tif Can't find anything matching that.
Things that are here:
a +0 club; 5 stones; a +0 scale mail Search for what [Enter for "tif", or ? for help]? appor Can't find anything matching that.
You now have 115 gold pieces (gained 5).
You see here Great Wizards, Vol.
VII.
You are engulfed in blazing flames.
Ouch! That really hurt!
You are engulfed in blazing flames.
Ouch! That really hurt!
You die...

#.............#
#.#####.....#.# ######
#..# #.....#.#
....>#### #...#
#######.#
####....####### #§§.#
#####.# #.##.......#
#§○.# #......
#.#######.## #..§#
#####.# #.#
#.######...##### #.#
#.#
#...§@°.$....§☼.####.#
#.#
##..☼○§.$...§°§...##..
#.#
##.○§§......○§.#.####
#.#
######...#####......
#.# #.§.# #####..
####.########## #.○§#
#.# ..............#
#§☼§# #####.#
####......#####
###...# ###.....#
....:.♣♣..#
#.#...###.#######


There were no monsters in sight!

Vanquished Creatures
  2 adders (D:2)
  2 dart slugs (D:1)
  An orc (D:2)
  2 endoplasms (D:1)
  A giant cockroach (D:1)
  9 hobgoblins
  8 jackals
  8 kobolds
  3 quokkas (D:1)
  2 ball pythons
  3 bats
  2 frilled lizards
  2 goblins (D:1)
  A rat (D:1)
46 creatures vanquished.

Notes
Turn   | Place    | Note
-------+----------+-------------------------------------------
     0 | D:1      | hawla the Minotaur Fighter began the quest for the Orb.
     0 | D:1      | Reached XP level 1. HP: 19/19 MP: 0/0
   156 | D:1      | Reached skill level 4 in Shields
   156 | D:1      | Reached XP level 2. HP: 27/27 MP: 1/1
   388 | D:1      | Reached XP level 3. HP: 33/33 MP: 2/2
   462 | D:1      | Reached skill level 5 in Shields
   851 | D:2      | Reached skill level 1 in Dodging
  1150 | D:2      | Reached XP level 4. HP: 39/40 MP: 3/3
  1953 | D:2      | Engulfed by a cloud of flame

Illustrated notes

Levels and vault maps discovered:
D:1:      minmay_arrival_up_and_down, layout_loops_ring
D:2:      layout_basic, serial_park_tiny_2, lemuel_flame_loot_1

Skill      XL: |  1  2  3 |
---------------+----------+-----
Fighting       | 4 |  4.0
Shields        | 4 5 |  5.0
Dodging        | 2 |  2.5
Axes           | |  2.4
Armour         | |  3.6

Action                     |  1- 3 |  4- 6 || total
---------------------------+-------+-------++-------
  Melee: War axe           |    85 |    12 ||    97
         Headbutt          |     7 |     1 ||     8
    Use: Scroll            |     5 |       ||     5
 Armour: Scale mail        |    42 |    17 ||    59
  Dodge: Dodged            |    43 |     9 ||    52
  Block: Buckler           |    29 |     5 ||    34
